[Event "Susha Chess Blitz 2022"]
[Site "Shusha"]
[Date "2022.09.24"]
[Round "9"]
[White "Durarbayli, Vasif"]
[Black "Vidit, Santosh Gujrathi"]
[Result "1/2-1/2"]
[ECO "C65"]
[WhiteElo "2628"]
[BlackElo "2710"]
[Annotator "TA"]
[PlyCount "133"]
[EventDate "2022.09.24"]
[EventType "tourn"]
[EventCountry "AZE"]
[SourceTitle "playchess.com"]
[Source "ChessBase"]
[SourceQuality "1"]
[TimeControl "180+2"]

1. e4 e5 2. Nf3 Nc6 3. Bb5 Nf6 4. d3 Bc5 5. c3 O-O 6. O-O {[%emt 0:00:03] C65: Ruy Lopez: Berlin Defence (3...Nf6), unusual lines and 4 0-0 Bc5.} d5 7. exd5 Qxd5 8. Bc4 Qd8 9. b4 Bd6 10. Bg5 h6 11. Bxf6 Qxf6 12. Nbd2 Bf5 {[%emt 0:00:07] [#]} 13. Ne4 $146 ({Predecessor:} 13. Re1 a5 14. b5 Ne7 15. Ne4 Bxe4 16. Rxe4 Ng6 17. g3 Rad8 18. Qe2 Rfe8 19. Re1 {1-0 (70) Grandelius,N (2670)-Tari,A (2639) chess24.com INT 2021}) 13... Bxe4 14. dxe4 Rad8 15. Qe2 Nb8 16. Rad1 c6 17. h3 Bc7 18. Nh2 Rxd1 (18... a5 $11 {was preferrable.}) 19. Rxd1 $14 Rd8 20. Ng4 (20. Rxd8+ {is more complex.} Qxd8 21. Qh5 Qe7 22. Qg6) 20... Rxd1+ 21. Qxd1 Qe7 22. Ne3 g6 {[%emt 0:00:13] Prevents Nf5.} (22... b5 $11) 23. Qg4 $16 Kh7 24. Qc8 $36 {[%emt 0:00:15][%mdl 2048] Keeping Black busy.} Bd6 25. a4 {[%emt 0:00:20] White is much more active.} (25. Ng4 $16) 25... Kg7 $1 $11 26. Qg4 {[%emt 0:00:17] And now Nf5+ would win.} Kh7 27. Qd1 {[%emt 0:00:52][%cal Oc4f7] Bxf7! is the strong threat.} Kg7 28. a5 h5 29. Be2 h4 (29... a6 $14) 30. Bg4 (30. Ng4 $16) 30... b6 31. axb6 axb6 32. Be2 (32. Qd2 $5 ) 32... b5 33. Bg4 Bc7 34. Bc8 Bb6 35. Ng4 Qc7 36. Qd2 {[%emt 0:00:00] White wants to mate with Qh6+.} Qe7 (36... Qxc8 $2 {gets mated.} 37. Qh6+ Kg8 38. Nf6#) 37. Qh6+ Kg8 38. Bf5 Bd8 {[%emt 0:00:15] [#]} 39. Bxg6 $1 fxg6 40. Qxg6+ Kf8 41. Nh6 {[%emt 0:00:03][%csl Gh6][%cal Rg6g8][%mdl 1024] White has compensation.} Qf6 42. Qh7 (42. Qg8+ $11 Ke7 43. Qh7+ (43. Ng4 $2 Qf4 $17) 43... Ke8 44. Nf5) 42... Qg7 $15 43. Qf5+ Ke7 44. Ng4 ({White has to play} 44. Qh5 $15 Kd7 45. Nf7) 44... Nd7 $19 45. Qh5 Kd6 {[%emt 0:00:02] Threatens to win with ...Qg5.} 46. Ne3 Kc7 47. Nf5 Qg5 48. Qd1 Qf6 {[%emt 0:00:04] Prevents Qd6+.} 49. Qd2 (49. g3 $17 {keeps fighting.}) 49... Nb6 50. Qe3 (50. g3 $142) 50... Kb7 51. g4 hxg3 52. fxg3 (52. Qxg3 $142 Nd5 53. h4) 52... Nc4 53. Qd3 Bb6+ 54. Kg2 {[%emt 0:00:01] [#]} Kc7 $1 55. h4 Qg6 (55... Qd8 $17 56. Qxd8+ Kxd8) 56. Qe2 (56. Qf3 $1 $11 {remains equal.}) 56... Qh7 ({Black should play} 56... Qf7 $17 57. Kh3 Nd6) 57. h5 $11 {[%emt 0:00:01] The position is equal.} Nd6 58. Qg4 Nxf5 59. exf5 Qd7 60. Kh3 Qd2 61. Qg7+ Kc8 62. h6 Qe2 63. Qg8+ Bd8 64. h7 {[%emt 0:00:02][%cal Og8d8] aiming for Qxd8+!} Qh5+ 65. Kg2 Qe2+ 66. Kh3 {[%emt 0:00:01][%cal Og8d8] Hoping for Qxd8+! Chess con chili.} Qh5+ 67. Kg2 {[%emt 0:00:01] And White is the lucky defender.  Weighted Error Value: White=0.23 (precise) /Black=0.19 (very precise)} 1/2-1/2

[Event "Susha Chess Blitz 2022"]
[Site "Shusha"]
[Date "2022.09.24"]
[Round "10"]
[White "Radjabov, Teimour"]
[Black "Kasimdzhanov, Rustam"]
[Result "1-0"]
[ECO "D02"]
[WhiteElo "2747"]
[BlackElo "2670"]
[Annotator "TA"]
[PlyCount "97"]
[EventDate "2022.09.24"]
[EventType "tourn"]
[EventCountry "AZE"]
[SourceTitle "playchess.com"]
[Source "ChessBase"]
[SourceQuality "1"]
[TimeControl "180+2"]

1. d4 d5 2. Nf3 c5 3. e3 Nf6 4. c4 e6 5. Nc3 a6 6. dxc5 Bxc5 7. a3 O-O {[%emt 0:00:09] D40: Queen's Gambit Declined: Semi-Tarrasch with 5 e3.} 8. b4 Be7 9. Bb2 a5 {[%emt 0:00:04] The position is equal.} 10. b5 b6 11. cxd5 $1 exd5 12. Be2 Bb7 {[%emt 0:00:02] [#]} 13. Nd4 $146 ({Predecessor:} 13. O-O Nbd7 14. Qc2 Rc8 15. Rfd1 Re8 16. Bd3 Qc7 17. Rac1 Ne5 18. Nxe5 Qxe5 19. Qa4 {1-0 (35) Ebenhoech,D (2066)-Schrader,J (2053) Bayern 2016}) 13... Bd6 14. O-O Qc7 (14... Re8 $16) 15. h3 (15. Rc1 $1 $18 {[%cal Oc3d5] Black must now prevent Nxd5!} Bxh2+ 16. Kh1) 15... Nbd7 $16 16. Rc1 {[%emt 0:00:04][%cal Oc3d5] aiming for Nxd5!} Nc5 17. Qc2 (17. Na4 $16) 17... Rfe8 18. Qb1 ({White should play} 18. Nc6 $16) 18... Bh2+ $11 19. Kh1 Be5 20. Nf3 Bd6 21. Kg1 Qe7 22. Rcd1 Rad8 23. Qf5 (23. Rfe1 $11 {remains equal.}) 23... h6 (23... Bb8 $17 24. Rfe1 Nfe4) 24. Nd4 g6 (24... Bc7 $15) 25. Qf3 (25. Qc2 $1 $14) 25... Nce4 26. Bd3 Ng5 (26... Qe5 $15 27. g3 Bxa3 $1 28. Bxa3 Nxc3) 27. Qe2 Bxa3 28. Nc6 Bxc6 29. bxc6 Bb4 30. Nb5 {[%emt 0:00:02][%mdl 1024] White has compensation.} Rc8 31. Rc1 ({White should try} 31. Qc2 $14) 31... Nfe4 (31... Bc5 $1 $11) 32. Ba1 {[%emt 0:00:06] A strong pair of Bishops.} (32. h4 $14 Ne6 33. Bxe4 dxe4 34. Rfd1) 32... Kh7 (32... Nd2 $1 $15) 33. Rfd1 $16 (33. Qb2 $6 Rg8 $11) 33... Nc5 {[%emt 0:00:04] [#]} (33... Bc5 $14) 34. c7 $40 {[%emt 0:00:08][%mdl 128] Black needs to defend precisely.} ({Reject} 34. Qb2 $6 Rg8 $11) (34. h4 $1 $16 Nge4 35. c7 (35. Qb2 Rg8 $15)) 34... Nge6 $11 35. Qb2 {[%emt 0:00:01] Inhibits Nb3.} Rg8 36. Bb1 Nxc7 37. Na7 {[%emt 0:00:01] The board is on fire.} Rce8 {[%emt 0:00:08] Hoping for ...Qd7.} 38. Nc6 $1 Qd6 39. Ne5 {[%emt 0:00:01] White is more active.} (39. Nxb4 $16 axb4 40. Qxb4) 39... Re7 {[%emt 0:00:04] [#]} (39... Ba3 $1 $11 40. Qxa3 Rxe5) 40. Ng4 ({Better is} 40. f4 $1 $16) 40... Ne8 $2 (40... Nd7 $1 $11) 41. Rd4 (41. Ba2 $18) 41... f5 $2 {[%emt 0:00:02][%mdl 8192] [#] A mistake that costs the game.} (41... Ne6 $14 42. Nxh6 Nxd4 43. Nxg8 Ne2+ 44. Kf1 d4 45. Kxe2 (45. Nxe7 Nxc1 46. Qxc1 Qxe7 $14) 45... Kxg8 46. Qxd4 Qxd4 47. Bxd4 Rc7 48. Rxc7 Nxc7) 42. Nxh6 $1 $18 {[%emt 0:00:01][%mdl 512] White is clearly winning.} Qf6 {[%emt 0:00:05] Against Rh4} 43. Nxg8 Kxg8 44. Qa2 {[%emt 0:00:01][%cal Od4b4] Strongly threatening Rxb4!} Qf7 45. Rxd5 Kh7 (45... Kf8 $142 46. Rcd1 Ne6) 46. Rcd1 Nf6 47. Rd8 {[%emt 0:00:02] Threatens to win with Qb2.} Qxa2 48. Bxa2 Kg7 (48... Nce4 $142 49. Rb8 Rc7 50. Rxb6 Nd7) 49. Rg8+ {[%emt 0:00:11] Weighted Error Value: White=0.52/Black=0.46} 1-0

[Event "Susha Chess Blitz 2022"]
[Site "Shusha"]
[Date "2022.09.24"]
[Round "10"]
[White "Wang, Hao"]
[Black "Mamedov, Rauf"]
[Result "1-0"]
[ECO "B07"]
[WhiteElo "2722"]
[BlackElo "2646"]
[Annotator "TA"]
[PlyCount "97"]
[EventDate "2022.09.24"]
[EventType "tourn"]
[EventCountry "AZE"]
[SourceTitle "playchess.com"]
[Source "ChessBase"]
[SourceQuality "1"]
[TimeControl "180+2"]

1. e4 d6 2. d4 Nf6 3. Nc3 e5 4. Nf3 exd4 5. Nxd4 g6 6. f3 Bg7 7. Be3 O-O 8. Qd2 d5 {[%emt 0:00:02] The main line 8...d5 scores better than 8...Nc6.} 9. O-O-O (9. e5 $5 ) 9... dxe4 {[%emt 0:00:44] C41: Philidor Defence.} 10. Nxe4 $5 {[%emt 0:00:04][%mdl 4] An interesting side line.} Nxe4 11. fxe4 {[%emt 0:00:02] [#]} Qe7 $146 {[%emt 0:00:05] The position is equal.} ({Predecessor:} 11... Nd7 12. Bh6 Bxh6 13. Qxh6 Qe7 14. Nf3 Ne5 15. Qf4 Ng4 16. Rd2 Be6 17. h3 Nf6 {½-½ (48) Petkov,M (2426)-Jianu,V (2527) Tornelo INT 2021}) 12. Bh6 Bxh6 13. Qxh6 Bg4 14. Nf3 {[%emt 0:00:13] Black must now prevent Ng5.} Nc6 (14... Qxe4 $2 15. Bd3 Qe7 16. Ng5 Qxg5+ 17. Qxg5 $18) 15. Be2 Bxf3 (15... Qxe4 $2 16. Ng5 $1 Qf4+ 17. Rd2 $18) 16. gxf3 Rad8 17. h4 Nd4 18. Bd3 ({Better is} 18. Rde1 $15) 18... Nxf3 $17 19. Kb1 (19. Rdf1 $142 Ne5 20. h5) 19... Ne5 20. Qe3 b6 21. h5 g5 22. h6 Rd6 23. Rdg1 Rg6 24. Be2 Kh8 25. Bh5 Rgg8 ({Weaker is} 25... Rxh6 26. Rxg5 Rd6 27. Rhg1 $11) 26. Bg4 f6 27. Bf5 Rd8 28. a3 Rd6 29. Rd1 Rgd8 30. Rxd6 Qxd6 ({But not} 30... cxd6 $6 31. Qd4 $11) 31. Qc3 c5 32. Qb3 Qe7 33. Rg1 c4 34. Qc3 Qc5 35. Rf1 Qd4 36. Qb4 {[%emt 0:00:01] Qe7 would kill now.} Qd6 {[%emt 0:00:02] Prevents Qe7.} 37. Qc3 b5 (37... Qd2 $17 {aiming for ...Qxc3.} 38. Qxd2 Rxd2) 38. Qa5 $11 Qb6 39. Qb4 Nc6 {[%emt 0:00:13] Against Qe7} 40. Qe1 {[%emt 0:00:12] [#]} (40. Qc3 $11 Ne5 41. Qb4) 40... Qd4 $2 (40... Rd6 $1 $17) 41. Be6 $14 Qe5 $2 (41... c3 $14) 42. Bd5 $18 Ne7 43. Qa5 Rf8 (43... Qb8 44. Rxf6 b4 45. axb4 $18) 44. Qxa7 ({Stronger than} 44. Qxb5 Rb8 45. Rxf6 Ng6 $11) 44... g4 $2 {[%emt 0:00:02] [#]} (44... f5 45. Qd7 f4) 45. Rg1 $2 $40 {[%emt 0:00:04][%mdl 128] White has strong attack.} (45. Rf5 $1 $18 {[%mdl 512] is more deadly.} Qd6 46. e5 Qxd5 47. Qxe7) 45... g3 $2 {[%emt 0:00:03] [#]} (45... f5 $16) 46. Rxg3 $3 {[%emt 0:00:01][%cal Bg1g3,Bg3g7,Bg7h7][%mdl 544] Threatening mate with Rg7.} f5 47. Rg7 Re8 48. Qd7 Nxd5 49. Rxh7+ {[%emt 0:00:02] White used his chance.  Weighted Error Value: White=0.26 (precise) /Black=0.40} 1-0

[Event "Susha Chess Blitz 2022"]
[Site "Shusha"]
[Date "2022.09.24"]
[Round "10"]
[White "Maghsoodloo, Parham"]
[Black "Guseinov, Gadir"]
[Result "1-0"]
[ECO "E81"]
[WhiteElo "2721"]
[BlackElo "2661"]
[Annotator "TA"]
[PlyCount "71"]
[EventDate "2022.09.24"]
[EventType "tourn"]
[EventCountry "AZE"]
[SourceTitle "playchess.com"]
[Source "ChessBase"]
[SourceQuality "1"]
[TimeControl "180+2"]

1. d4 Nf6 2. c4 g6 3. Nc3 Bg7 4. e4 d6 5. f3 O-O 6. Be3 a6 7. Nge2 b5 {[%emt 0:00:14] E81: King's Indian: Sämisch: 6th move deviations (including 6 Be3 c6).} 8. Ng3 $5 {[%emt 0:00:05][%mdl 4] [#] A promising side line.} bxc4 $146 (8... b4 $11 {is superior.} 9. Nd5 Nc6) ({Predecessor:} 8... h5 9. Be2 h4 10. Nf1 h3 11. g4 bxc4 12. Bxc4 e6 13. g5 Nh7 14. Qd2 Nc6 15. Ng3 {1-0 (30) Tang,A (2538)-Khusnutdinov,R (2484) Chess.com INT 2021}) 9. Bxc4 $14 a5 {[%emt 0:00:18] White is slightly better.} 10. O-O Ba6 11. Bxa6 Nxa6 12. Na4 Nd7 13. Rc1 c5 14. Ne2 cxd4 15. Nxd4 Ndc5 16. Nc3 Qd7 {[%emt 0:00:04] Inhibits Nc6.} 17. Nd5 {[%emt 0:00:09] Strongly threatening Nb6.} Qb7 {[%emt 0:00:01] [#] Prevents Nb6.} (17... Rae8 $11) 18. Nc6 $1 $16 Rfe8 (18... Rae8 19. Nxa5) 19. Nxa5 {[%emt 0:00:05] White is much more active.} Qxb2 20. Rf2 (20. Rb1 $16 Qa3 21. Nc4 (21. Nc6 e6 $11)) 20... Qb5 21. Nc4 Rab8 {[%emt 0:00:13] Against Ndb6} 22. Rd2 Na4 23. h3 Nc3 24. Nxc3 Qxc4 25. Nd5 $36 {[%emt 0:00:02][%mdl 2048] Black is under pressure.} Qb5 26. a4 (26. Bg5 $5 ) 26... Qb3 {[#]} (26... Qa5 $11) 27. Rc6 $2 (27. Nxe7+ $1 $18 Kh8 28. Nd5) 27... Qxd1+ (27... e6 $11 {keeps the balance.} 28. Ne7+ (28. Rxa6 exd5 29. Qxb3 Rxb3 $11) 28... Kf8) 28. Rxd1 Nb4 29. Nxb4 Rxb4 30. a5 Ra4 (30... Ra8 $16) 31. a6 $18 Ra8 {[%emt 0:00:09] [#]} (31... Ra3 $142) 32. Rdc1 $1 {[%emt 0:00:01] Threatens to win with Rc8+.} ({Don't take} 32. a7 $6 Be5 33. Rdc1 R8xa7 $16) 32... f5 $2 (32... Bf8) 33. Rc8+ {[%emt 0:00:02] White is clearly winning.} ({Less strong is} 33. a7 Kf7 $16) 33... Rxc8 34. Rxc8+ Kf7 35. a7 f4 36. Bb6 {[%emt 0:00:02] Weighted Error Value: White=0.18 (very precise) /Black=0.46} 1-0

[Event "Susha Chess Blitz 2022"]
[Site "Shusha"]
[Date "2022.09.24"]
[Round "10"]
[White "Vidit, Santosh Gujrathi"]
[Black "Durarbayli, Vasif"]
[Result "0-1"]
[ECO "A15"]
[WhiteElo "2710"]
[BlackElo "2628"]
[Annotator "TA"]
[PlyCount "108"]
[EventDate "2022.09.24"]
[EventType "tourn"]
[EventCountry "AZE"]
[SourceTitle "playchess.com"]
[Source "ChessBase"]
[SourceQuality "1"]
[TimeControl "180+2"]

1. c4 Nf6 2. g3 c6 3. Bg2 d5 4. Nf3 dxc4 5. O-O Nbd7 6. a4 {[%emt 0:00:06] A11: English Opening: 1...c6.} (6. Qc2 $11 {feels stronger.}) 6... Nc5 (6... e5 $15) 7. Na3 $11 Be6 8. Qc2 {[%emt 0:00:03] The position is equal.} Nb3 9. Rb1 Nd4 (9... Qd5 $11) 10. Nxd4 $14 Qxd4 {[%emt 0:00:02] [#]} 11. a5 $146 (11. Rd1 $5 ) ({Predecessor:} 11. Rd1 g6 12. d3 Bg7 13. Nxc4 O-O 14. b3 Rfd8 15. Bb2 Qd7 16. b4 Bd5 17. e4 {1-0 (42) Sidorika,V (2355)-Nguyen,N (2641) Chess.com INT 2020}) 11... a6 12. Rd1 Ng4 $36 {[%emt 0:00:27][%mdl 2048] Black fights for an advantage.} 13. e3 Qd3 14. Qxd3 cxd3 15. b4 O-O-O (15... h5 $15) 16. Bb2 {[%emt 0:00:03][%mdl 1024] White has compensation.} Kb8 17. Rdc1 {[%emt 0:00:04] aiming for h3.} Ba2 18. Ra1 Bd5 19. f3 Nf6 20. e4 Be6 21. Bf1 g5 22. Be5+ Ka8 23. Rc3 Bg7 24. Bxd3 Rhg8 {[%emt 0:00:11][%cal Of6e4] ...Nxe4! is the strong threat.} 25. Nc4 Bxc4 26. Bxc4 g4 ({Better is} 26... Rxd2 $15 27. Rac1 (27. Bxf7 Nxe4 28. Re3 Bxe5 $17) 27... Nd7 28. Bxf7 Bxe5 29. Bxg8 Bxc3 30. Rxc3 h6) 27. d3 (27. Bxf7 $14 Rgf8 28. Be6) 27... gxf3 $17 28. Rf1 (28. Bxf7 $17 Nxe4 29. Bxg7 f2+ 30. Kg2 Rxg7 31. dxe4 Rxf7 32. Rc5) 28... Ng4 29. Bxg7 Rxg7 (29... f2+ $17 30. Rxf2 Nxf2) 30. Rxf3 $15 Ne5 (30... e6 $1 $15) 31. Rf5 $11 f6 32. Kf2 Ng4+ 33. Kg1 $1 Ne5 ({Black should play} 33... Ka7 $11) 34. Kf2 $15 Ng4+ (34... Nxc4 $15 35. dxc4 Rd2+ 36. Kg1 Rb2) 35. Kg1 $1 $11 Kb8 36. Rf4 (36. Rh5 $11) 36... Rd4 37. Kg2 Ne3+ ({Black should try} 37... Kc7 $17) 38. Kf3 $1 Nxc4 39. dxc4 {[%emt 0:00:02][%mdl 4096] Endgame KRR-KRR} Rd2 40. Rh4 (40. h4 $11) 40... Rb2 $17 {[%emt 0:00:02] Black is more active.} 41. e5 Rxb4 42. e6 Rb1 (42... Ra4 $15 43. Rd4 Rxa5 44. Rd8+ Ka7) 43. Rd3 {[%emt 0:00:03] [#]} (43. Rd4 $1 $11) 43... Re1 (43... Rf1+ $1 $17 44. Kg2 Rf5 45. Rd8+ Ka7) 44. Re4 (44. Rhd4 $11 {remains equal.}) 44... Rxe4 45. Kxe4 {[%emt 0:00:01] [#] KR-KR} Rg5 $1 46. Rd8+ Ka7 47. Rd7 Re5+ 48. Kd3 (48. Kf4 $17 {was worth a try.} Rxe6 49. g4) 48... Rxe6 $19 {Strongly threatening ...Rd6+.} 49. g4 $2 (49. Kc3) 49... Rd6+ 50. Rxd6 exd6 51. Ke4 b5 52. axb6+ Kxb6 {[%emt 0:00:02] Black mates.} 53. Kf5 a5 54. Kxf6 a4 {Weighted Error Value: White=0.51/Black=0.22 (precise)} 0-1

[Event "Susha Chess Blitz 2022"]
[Site "Shusha"]
[Date "2022.09.24"]
[Round "10"]
[White "Yilmaz, Mustafa"]
[Black "Mamedyarov, Shakhriyar"]
[Result "1/2-1/2"]
[ECO "D27"]
[WhiteElo "2633"]
[BlackElo "2757"]
[Annotator "TA"]
[PlyCount "40"]
[EventDate "2022.09.24"]
[EventType "tourn"]
[EventCountry "AZE"]
[SourceTitle "playchess.com"]
[Source "ChessBase"]
[SourceQuality "1"]
[TimeControl "180+2"]

1. d4 d5 2. c4 dxc4 3. Nf3 Nf6 4. e3 e6 5. Bxc4 c5 6. O-O a6 7. dxc5 Bxc5 8. Qxd8+ Kxd8 9. Be2 {[%emt 0:00:02] D27: Queen's Gambit Accepted: Classical main line: 7 e4!? and 7 a4.} Ke7 10. Nc3 b5 {[%emt 0:00:03] Prevents Na4.} 11. Nd2 {[%emt 0:00:12] White is slightly better.} Bb7 12. Nb3 Bd6 13. Na5 Ra7 14. Nxb7 Rxb7 15. Bd2 Nbd7 16. Rfd1 Rc8 17. Rac1 (17. a4 $14) 17... Rbc7 $11 18. Nb1 {[%emt 0:00:31] [#]} Nd5 $146 ({Predecessor:} 18... g5 19. Rxc7 Rxc7 20. Rc1 Rxc1+ 21. Bxc1 g4 22. a4 bxa4 23. Bxa6 Ne4 24. Bb5 Ndc5 25. Nd2 Nf6 26. b4 axb3 {½-½ (26) Menezes,C (2399)-Studer,N (2514) Karlsruhe 2019}) 19. Rxc7 Rxc7 20. Rc1 {[%emt 0:00:05] Against Rc2} (20. Nc3 $5 ) 20... Rxc1+ {[%emt 0:00:01] Weighted Error Value: White=0.11 (very precise) /Black=0.04 (flawless)} 1/2-1/2

[Event "Susha Chess Blitz 2022"]
[Site "Shusha"]
[Date "2022.09.24"]
[Round "11"]
[White "Maghsoodloo, Parham"]
[Black "Mamedov, Rauf"]
[Result "0-1"]
[ECO "E67"]
[WhiteElo "2721"]
[BlackElo "2646"]
[Annotator "TA"]
[PlyCount "60"]
[EventDate "2022.09.24"]
[EventType "tourn"]
[EventCountry "AZE"]
[SourceTitle "playchess.com"]
[Source "ChessBase"]
[SourceQuality "1"]
[TimeControl "180+2"]

1. d4 d6 2. Nf3 Nf6 3. c4 g6 4. Nc3 Bg7 5. g3 O-O 6. Bg2 Nbd7 7. O-O e5 8. Qc2 exd4 9. Nxd4 Nb6 10. b3 {[%emt 0:00:13] outshines the older 10.Rd1.} (10. Rd1 $11) 10... c5 $1 $15 {[%emt 0:00:01] E67: King's Indian: Fianchetto: 6...Nbd7.} 11. Nf3 Bf5 12. Qd1 d5 {[%emt 0:00:03] [#] And now ...Ne4 would win. Black is slightly better.} 13. Ba3 $146 ({Predecessor:} 13. Bg5 h6 14. Bxf6 Bxf6 15. Rc1 d4 16. Nd5 Nxd5 17. cxd5 Rc8 18. Ne1 b5 19. Nd3 {½-½ (59) Benderev,Y-Mechkarov,S Sofia 1948}) 13... Rc8 14. Nh4 Be6 15. cxd5 Nfxd5 16. Nxd5 Nxd5 17. Rc1 (17. Bxd5 $15 Bxd5 18. Rc1) 17... b6 (17... Nc3 $17 18. Qe1 Nxa2 19. Rxc5 Re8 20. Rxc8 Qxc8) 18. Rc2 (18. Qc2 $15) 18... Nc3 $17 19. Qc1 {[%emt 0:00:01] [#]} b5 $1 {[%emt 0:00:00] Black is much more active.} 20. Rxc3 Bxc3 21. Qxc3 b4 22. Bxb4 cxb4 23. Qxb4 Rc2 24. Qa4 Qd7 {[%emt 0:00:09][%mdl 1024] Black has strong compensation.} 25. Qa6 Rfc8 26. Nf3 Rc1 {[%emt 0:00:05] Hoping for ...Rxf1+.} 27. Ne1 (27. Ng5 {was called for.}) 27... Bf5 28. h3 (28. Qa5 {keeps fighting.}) 28... Bxh3 $19 29. Nd3 Rxf1+ 30. Kxf1 $2 {[%emt 0:00:01] [#]} (30. Bxf1 $19 Bxf1 31. Kxf1) 30... Rc1+ $3 {[%emt 0:00:06][%mdl 512] Weighted Error Value: White=0.52/Black=0.10 (very precise)} 0-1

[Event "Susha Chess Blitz 2022"]
[Site "Shusha"]
[Date "2022.09.24"]
[Round "11"]
[White "Vidit, Santosh Gujrathi"]
[Black "Wang, Hao"]
[Result "1-0"]
[ECO "E10"]
[WhiteElo "2710"]
[BlackElo "2722"]
[Annotator "TA"]
[PlyCount "125"]
[EventDate "2022.09.24"]
[EventType "tourn"]
[EventCountry "AZE"]
[SourceTitle "playchess.com"]
[Source "ChessBase"]
[SourceQuality "1"]
[TimeControl "180+2"]

1. d4 Nf6 2. c4 e6 3. Nf3 d5 4. e3 b6 5. Nc3 Bd6 6. cxd5 exd5 7. Bb5+ {[%emt 0:00:01] D35: Queen's Gambit Declined: Exchange Variation.} c6 8. Bd3 O-O 9. O-O {[%emt 0:00:02] The position is equal.} Re8 {[%emt 0:00:01] Against e4} 10. Qc2 Bg4 {[%emt 0:00:08] [#]} 11. Bd2 $146 (11. e4 $11) ({Predecessor:} 11. Ne1 c5 12. f3 Bh5 13. Qf2 cxd4 14. exd4 Nc6 15. Kh1 h6 16. g4 Bg6 17. g5 hxg5 18. Bxg6 fxg6 19. Bxg5 {1-0 (40) Etzold,E (1992)-Loehr,H (1743) Altenkirchen 2021}) 11... Nbd7 (11... Bxf3 $5 12. gxf3 c5 $11) 12. Ne2 c5 13. Bf5 Bxf3 (13... h5 {feels hotter.} 14. Bxg4 hxg4 15. Ng5 cxd4 16. Nxd4 Rc8) 14. gxf3 Nf8 15. f4 Ng6 16. Ng3 (16. f3 $15) 16... cxd4 $17 17. Kh1 dxe3 18. fxe3 Nh4 19. Bh3 Ne4 (19... Qe7 $142 {Strongly threatening ...Qb7.} 20. Bc3 Rad8) 20. Rad1 Qf6 (20... Nxd2 $17 21. Qxd2 Bc5) 21. Nxe4 $15 dxe4 (21... Rxe4 $15 22. Qc6 Rd8) 22. Bc3 Qh6 (22... Qe7 $1 $11) 23. Rg1 ({White should play} 23. Bd7 $1 $16 Bf8 24. Bxe8 Rxe8 25. Qa4) 23... Bf8 $1 $11 24. Rg3 Nf3 (24... Rad8 $11 {keeps the balance.}) 25. Bf5 $1 $16 {[%emt 0:00:14] Black must now prevent Rh3. This bishop pair is nice.} Rad8 {[%emt 0:00:09] ( -> ...Rxd1+)} 26. Rh3 $36 {[%emt 0:00:13][%mdl 2048] White is on the roll.} ({Much less strong is} 26. Rxd8 Rxd8 27. Rh3 Nh4 28. Bxe4 Be7 $14) 26... Nh4 {[%emt 0:00:05] ...Qh5 is the strong threat.} 27. Rxd8 (27. Rg1 $16) 27... Rxd8 $11 28. Bxe4 Be7 29. Bd4 g6 30. Qc7 Bf6 {[%emt 0:00:13][%cal Oh6h5] And now ...Qh5! would win.} 31. Bf3 {[%emt 0:00:12] Prevents Qh5.} Rxd4 (31... Qf8 $1 $11 32. Bxf6 Rc8 33. Qxc8 Qxc8 34. Rxh4 Qc1+ 35. Kg2 Qd2+ 36. Kg3 Qxe3) 32. exd4 $14 Qf8 {[%emt 0:00:02] Against Qc8} 33. Bd5 ({But not} 33. Qxa7 Qb4 34. Qa8+ Kg7 $15) 33... Nf5 (33... Kg7 $1 $14) 34. Qd7 ({White should try} 34. Qxa7 $16 {Threatens to win with Rc3.} Bxd4 35. b3) 34... Bxd4 35. b3 h5 (35... a5 $11) 36. Rd3 Kg7 37. Rd1 (37. Be4 $5 ) 37... Be3 (37... Bc5 $14) 38. Be6 (38. Qxa7 $16 Bxf4 39. Bxf7 $1 (39. Qxb6 Qe7 $16)) 38... Qa8+ {[%emt 0:00:04] [#]} 39. Qd5 ({Better is} 39. Rd5 $1 $16 Nh6 40. f5) 39... Qxd5+ $11 40. Bxd5 Bxf4 {[%emt 0:00:01][%mdl 4096] Endgame KRB-KBN} 41. Be4 Nd6 42. Bc6 Kf6 43. Kg2 h4 44. h3 {[%emt 0:00:01][%mdl 1024] White has compensation.} g5 45. Kf3 Ke7 46. Re1+ Kd8 47. a4 Kc7 48. Bd5 Kd7 {[%emt 0:00:01] Against Re7+} 49. Kg4 f5+ {[%emt 0:00:02] [#]} (49... f6 $11) 50. Kh5 $1 $16 {[%emt 0:00:02] White has more active pieces.} Bg3 51. Rf1 Ke7 (51... Bf4 $16 {was necessary.}) 52. Kxg5 $18 a5 53. Rc1 Kd7 54. Rc6 Bf2 55. Rc2 Bg3 56. Kf6 Bf4 57. Be6+ Kd8 58. Bxf5 Bg3 59. Bg4 Bf4 60. Kg6 Nb7 (60... Bg3 $142 61. Rc6 b5) 61. Rc8+ {[%emt 0:00:02] White is clearly winning.} Ke7 62. Rc6 Nc5 63. Rxb6 {[%emt 0:00:02] White used his chance.  Weighted Error Value: White=0.19 (very precise) /Black=0.30} 1-0